 Dungeon Crawl Stone Soup version 0.25-a0-413-g3b4b6a4ccc (webtiles) character file.

Game seed: 13645118111856704474, levelgen mode: deterministic

226 MisterFreud the Slasher (level 6, -11/46 HPs)
             Began as an Octopode Chaos Knight on Jan 16, 2020.
             Was a Plaything of Xom.
             Mangled by an orc warrior
             ... wielding a +0 war axe
              (21 damage)
             ... on level 4 of the Dungeon.
             The game lasted 00:04:29 (3121 turns).

MisterFreud the Slasher (Octopode Chaos Knight)     Turns: 3121, Time: 00:04:29

Health: -11/46     AC:  1    Str: 15    XL:     6   Next: 1%
Magic:  6/6        EV: 14    Int: 14    God:    Xom [.....*]
Gold:   234        SH:  0    Dex: 14    Spells: 5/5 levels left

rFire    . . .     SeeInvis .   a - +0 falchion (chaos)
rCold    . . .     Gourm    .   (no shield)
rNeg     + . .     Faith    .   (helmet restricted)
rPois    +         Spirit   .   (no amulet)
rElec    .         Reflect  .   d - ring of Zuwone {-Tele rPois rN+ Str+4}
rCorr    .         Harm     .   (no ring)
MR       .....     NoTele   +   (no ring)
Stlth    ++........             (no ring)
HPRegen  0.15/turn              (no ring)
MPRegen  0.10/turn              (no ring)
                                (no ring)
                                (no ring)

@: no status effects
A: almost no armour, stealthy swim, amphibious, 8 rings, constrict 8, camouflage
1, robust 1, gelatinous body 1
a: Renounce Religion


You were on level 4 of the Dungeon.
You worshipped Xom.
You were Xom's teddy bear.
You were not hungry.

You visited 1 branch of the dungeon, and saw 4 of its levels.

You collected 234 gold pieces.

Inventory:

Hand Weapons
 a - a +0 falchion of chaos (weapon)
Jewellery
 d - the ring of Zuwone (left tentacle) {-Tele rPois rN+ Str+4}
   (Xom gifted it to you on level 3 of the Dungeon)

   [ring of poison resistance]

   It affects your strength (+4).
   It protects you from poison.
   It protects you from negative energy.
   It prevents most forms of teleportation.
Scrolls
 c - 2 scrolls of remove curse {unknown}
 e - 3 scrolls of teleportation {unknown}
 i - 2 scrolls of identify {unknown}
 k - a scroll of amnesia {unknown}
 l - a scroll of fear {unknown}
 o - 3 scrolls of immolation {unknown}
 p - a scroll of enchant armour {unknown}
 s - a scroll of enchant weapon {unknown}
 t - 5 scrolls of random uselessness {unknown}
Potions
 f - 2 potions of magic {unknown}
 g - a potion of haste {unknown}
 h - a potion of invisibility {unknown}
 j - 2 potions of flight
 m - a potion of curing
 n - a potion of brilliance {unknown}
 q - a potion of heal wounds {unknown}
 u - a potion of mutation {unknown}
Comestibles
 b - 18 rations
 r - 5 chunks of flesh


   Skills:
 + Level 3.4 Fighting
 - Level 6.0 Long Blades
 + Level 2.9 Dodging


You had 5 spell levels left.
You didn't know any spells.
Your spell library contained the following spells:

 Spells                   Type           Power        Failure   Level  Hunger
 Animate Skeleton         Necr           N/A          28%         1    ##.....
 Apportation              Tloc           #.....       28%         1    ##.....
 Corona                   Hex            #......      28%         1    ##.....
 Summon Small Mammal      Summ           #...         28%         1    ##.....


Dungeon Overview and Level Annotations

Branches:
Dungeon (4/15)
 Temple: D:4-7

Altars:
Ashenzari
Dithmenos
Xom
The Shining One


Innate Abilities, Weirdness & Mutations

You cannot wear most types of armour.
You are very stealthy in the water. (Stealth+)
You are amphibious.
You can wear up to eight rings at the same time.
You can use your tentacles to constrict eight enemies at once.
Your skin changes colour to match your surroundings (Stealth+).
Your rubbery body absorbs attacks. (AC +1, EV +1)
You are robust. (+10% HP)


Message History

You grab the orc warrior.
The orc warrior is moderately wounded.
You hit the orc warrior.
The orc warrior flickers and vanishes!
Deactivating autopickup; reactivate with Ctrl-A.
You constrict something. Something hits you!!
You hit something but do no damage.
Nothing appears to happen.
You constrict something. The orc barely misses you.
You riposte.
You slash the orc! Lightning courses through the orc!
You kill the orc!
You hit something but do no damage. You squeeze something.
You constrict something. Something hits you!
* * * LOW HITPOINT WARNING * * *
A shower of butterflies erupts from you!
Unknown command.
Okay, then.
You hit something.
Nothing appears to happen.
You constrict something. You hit something. You burn something.
You constrict something. Something hits you!!
You die...
Xom snickers!

#.# ## #.########. #
#.#........ .######
#.#.#####.. ...... ##.#.#
#.. ##...#######....# #..
#...............# #..
#.##...#######...## #..
#...b)o{@)..###.#######..
#..##.####b..............
#.# #..###.#######.. #.#
#..# #.# ##. ... #.# #..#
#.# #. #.###.## #... ...
## #.##...###.####.##
##.#.....##.# #.##.
#...).......# .##.###


You could see an orc.

Vanquished Creatures
  A howler monkey (D:2)
  Crazy Yiuf (D:3)
  A hound (D:4)
  4 adders
  2 worms (D:2)
  3 dart slugs
  A leopard gecko (D:1)
  4 orcs (D:4)
  6 giant cockroaches
  4 goblins
  8 hobgoblins
  3 jackals (D:1)
  A quokka (D:2)
  A ball python (D:1)
  9 bats
  3 frilled lizards (D:2)
  4 kobolds
  8 rats
64 creatures vanquished.

Vanquished Creatures (others)
  A howler monkey (D:4)
1 creature vanquished.

Grand Total: 65 creatures vanquished

Notes
Turn   | Place    | Note
-------+----------+-------------------------------------------
     0 | D:1      | MisterFreud the Octopode Chaos Knight began the quest for
                  | the Orb.
     0 | D:1      | Reached XP level 1. HP: 16/16 MP: 1/1
    22 | D:1      | Reached XP level 2. HP: 18/21 MP: 2/2
   164 | D:1      | XOM: divination: detect items
   253 | D:1      | Reached skill level 4 in Long Blades
   261 | D:1      | Reached XP level 3. HP: 10/26 MP: 3/3
   928 | D:2      | Reached skill level 5 in Long Blades
   928 | D:2      | Reached XP level 4. HP: 12/31 MP: 4/4
   957 | D:2      | XOM: silly message
  1699 | D:2      | XOM: divination: detect items
  1766 | D:3      | XOM: scenery: create altars
  1775 | D:3      | Reached XP level 5. HP: 17/36 MP: 5/5
  2179 | D:3      | Found a shadowy altar of Dithmenos.
  2297 | D:3      | Found a runed translucent door.
  2298 | D:3      | Noticed Crazy Yiuf
  2307 | D:3      | XOM: butterfly on damage
  2310 | D:3      | Killed Crazy Yiuf
  2310 | D:3      | Reached skill level 6 in Long Blades
  2385 | D:3      | XOM: 3-stop teleportation journey
  2587 | D:3      | XOM: god gift: heavily runed golden ring {god gift}
  2588 | D:3      | Got a heavily runed golden ring {god gift}
  2589 | D:3      | Identified the ring of Zuwone {-Tele rPois rN+ Str+4} (Xom
                  | gifted it to you on level 3 of the Dungeon)
  2716 | D:3      | Found a glowing golden altar of the Shining One.
  2729 | D:3      | XOM: give mutation
  2729 | D:3      | Gained mutation: You are robust. (+10% HP) [Xom's grace]
  2950 | D:4      | XOM: god gift: gnarled runed staff {god gift}
  2966 | D:4      | Found a shattered altar of Ashenzari.
  2984 | D:4      | XOM: god gift: 6 rations
  3109 | D:4      | Noticed an orc warrior
  3113 | D:4      | Reached XP level 6. HP: 46/46 MP: 6/6
  3119 | D:4      | XOM: butterfly on damage
  3121 | D:4      | Mangled by an orc warrior

Levels and vault maps discovered:
D:1:      minmay_arrival_open_corners, layout_basic, minmay_pentomino_t4
D:2:      layout_loops_corners
D:3:      layout_loops_ring, old_standard_altar, nicolae_tso_swordbearing_angel,
          uniq_crazy_yiuf_cottage
D:4:      layout_loops_ring, first_ration, nicolae_ashenzari_panopticon

Skill      XL: |  1  2  3  4  5 |
---------------+----------------+-----
Long Blades    | 4 5 6 |  6.0
Fighting       | |  3.4
Dodging        | |  2.9

Action                   |  1- 3 |  4- 6 || total
-------------------------+-------+-------++-------
Melee: Falchion          |    38 |    81 ||   119
       Constrict         |    16 |    24 ||    40
       Tentacles         |     7 |    12 ||    19
  Use: Potion            |       |     2 ||     2
 Stab: Sleeping          |     4 |     7 ||    11
  Eat: Chunk             |       |     7 ||     7
Armor: Skin              |     6 |     8 ||    14
Dodge: Dodged            |    34 |    47 ||    81
       Rpst.: Falchion   |    20 |    20 ||    40

Table legend:
 A = Non-vault XP
 B = Vault XP
 C = Vault XP percentage of total XP
 D = Non-vault monster count
 E = Vault monster count
 F = Vault count percentage of total count
                 A         B        C        D         E       F
            +---------+---------+-------+---------+---------+-------
      Total |     275 |      48 |  14.9 |      60 |       5 |   7.7
            +---------+---------+-------+---------+---------+-------
        D:1 |      38 |       7 |  15.6 |      21 |       4 |  16.0
        D:2 |     100 |       0 |   0.0 |      21 |       0 |   0.0
        D:3 |      52 |      41 |  44.1 |      11 |       1 |   8.3
        D:4 |      85 |       0 |   0.0 |       7 |       0 |   0.0
            +---------+---------+-------+---------+---------+-------
